 Dungeon Crawl Stone Soup version 0.28-a0-1638-g9123634e07 (webtiles) character file.

Game seed: 6193872630149891008

27645 fragbeetle the Arsonist (level 13, -4/113 HPs)
             Began as a Hill Orc Cinder Acolyte on Jan 26, 2022.
             Was a Priest of Ignis.
             Slain by a death yak (22 damage)
             ... on level 3 of the Lair of Beasts.
             The game lasted 00:39:45 (22312 turns).

fragbeetle the Arsonist (Hill Orc Cinder Acolyte)  Turns: 22312, Time: 00:39:45

Health: -4/113     AC: 16    Str: 22    XL:     13   Next: 33%
Magic:  27/39      EV: 10    Int: 17    God:    Ignis [***...]
Gold:   692        SH:  0    Dex:  6    Spells: 16/23 levels left

rFire   + . .      SeeInvis .   a - +3 hand axe (flame)
rCold   . . .      Faith    .   (no shield)
rNeg    . . .      Spirit   .   F - +1 ring mail {Will+}
rPois   .          Reflect  .   L - +0 helmet
rElec   .          Harm     .   l - +0 cloak
rCorr   .          Rampage  .   J - +2 pair of gloves
Will    +....                   D - +0 pair of boots
Stlth   ..........              (no amulet)
HPRegen 0.28/turn               j - ring "Leawisch" {MP+9 Int+3}
MPRegen 0.26/turn               x - ring of magical power

@: no status effects
A: no striking features
a: Renounce Religion, Fiery Armour, Foxfire Swarm, Rising Flame


You were on level 3 of the Lair of Beasts.
You worshipped Ignis.
Ignis was most pleased with you.
You visited 3 branches of the dungeon, and saw 15 of its levels.
You also visited: Ossuary and Ice Cave.

You collected 871 gold pieces.
You spent 179 gold pieces at shops.

Inventory:

Hand Weapons
 a - a +3 hand axe of flaming (weapon)
 e - the +6 dagger "Kurghiofu" {freeze, rC- Will+ Int+6}
   (You found it on level 1 of the Lair of Beasts)

   It freezes those it strikes, dealing additional cold damage.
   It can also slow down cold-blooded creatures.
   Int:       It affects your intelligence (+6).
   rC:        It makes you vulnerable to cold.
   Will:      It increases your willpower.
 A - a +1 flail of holy wrath
 N - a +4 trident of freezing
 Q - a +0 vorpal hand axe
Missiles
 p - 3 atropa-tipped darts
 s - 19 poisoned darts
 y - a throwing net
 G - 5 boomerangs
Armour
 l - a +0 cloak (worn)
 D - a +0 pair of boots (worn)
 F - a +1 ring mail of willpower (worn)
 J - a +2 pair of gloves (worn)
 L - a +0 helmet (worn)
Jewellery
 j - the ring "Leawisch" (left hand) {MP+9 Int+3}
   (You found it on level 3 of the Dungeon)

   [ring of magical power]

   Int:       It affects your intelligence (+3).
   MP:        It affects your magic capacity (+9).
 t - a ring of magical power
 x - a ring of magical power (right hand)
 M - a ring of wizardry
 S - a ring of positive energy
Wands
 o - a wand of digging (13)
 K - a wand of flame (15)
 R - a wand of charming (5)
Scrolls
 b - a scroll of enchant armour
 c - a scroll of identify
 d - a scroll of holy word {unknown}
 f - 4 scrolls of teleportation
 h - 4 scrolls of immolation
 m - a scroll of brand weapon {unknown}
 u - 3 scrolls of amnesia
 v - 2 scrolls of fog {unknown}
 z - 3 scrolls of silence
 B - 4 scrolls of magic mapping
 H - 2 scrolls of fear
 O - a scroll of acquirement {unknown}
Potions
 g - a potion of berserk rage {unknown}
 i - 3 potions of cancellation
 k - 2 potions of degeneration {unknown}
 n - 7 potions of brilliance
 q - 3 potions of magic
 r - 2 potions of haste {unknown}
 w - 4 potions of curing
 C - 3 potions of lignification {unknown}
 E - 2 potions of heal wounds
 I - 3 potions of invisibility {unknown}
Miscellaneous
 P - a phantom mirror


   Skills:
 + Level 9.9 Fighting
 + Level 11.7(12.3) Axes
 - Level 5.1(8.2) Polearms
 * Level 11.0 Armour
 + Level 5.8 Spellcasting
 * Level 7.7 Conjurations
 - Level 3.0 Transmutations
 * Level 12.2 Fire Magic


You had 16 spell levels left.
You knew the following spells:

 Your Spells              Type           Power      Damage    Failure   Level
a - Scorch                Fire           92%        2d9       1%          2
b - Irradiate             Conj/Tmut      11%        3d17      50%         5

Your spell library contained the following spells:

 Spells                   Type           Power      Damage    Failure   Level
 Shock                    Conj/Air       72%        1d7       3%          1
 Passwall                 Tmut/Erth      8%         N/A       16%         2
 Animate Skeleton         Necr           8%         N/A       19%         1
 Apportation              Tloc           8%         N/A       19%         1
 Summon Small Mammal      Summ           16%        N/A       19%         1
 Blink                    Tloc           8%         N/A       28%         2
 Ensorcelled Hibernation  Hex/Ice        8%         N/A       28%         2
 Gell's Gravitas          Tloc           4%         N/A       50%         3
 Lesser Beckoning         Tloc           4%         N/A       50%         3
 Swiftness                Air            4%         N/A       50%         3
 Teleport Other           Tloc           4%         N/A       50%         3
 Tukima's Dance           Hex            4%         N/A       50%         3
 Petrify                  Tmut/Erth      10%        N/A       71%         4
 Blade Hands              Tmut           7%         N/A       83%         5
 Airstrike                Air            2%         N/A       88%         4
 Passage of Golubria      Tloc           4%         N/A       88%         4
 Yara's Violent Unravell  Hex/Tmut       5%         3d4       96%         5
 Manifold Assault         Tloc           4%         N/A       99%         5
 Metabolic Englaciation   Hex/Ice        2%         N/A       99%         5
 Dispersal                Tloc           2%         N/A       100%        6
 Statue Form              Tmut/Erth      6%         N/A       100%        6


Dungeon Overview and Level Annotations

Branches:
Dungeon (11/15)            Temple (1/1) D:6            Lair (3/6) D:10
    Orc (0/2) D:10        Ossuary (visited)           IceCv (visited)
  Swamp: Lair:2-4    Shoals: Lair:2-4     Snake: Lair:2-4    Spider: Lair:2-4

Altars:
Ashenzari
Cheibriados
Dithmenos
Elyvilon
Fedhas
Gozag
Hepliaklqana
Kikubaaqudgha
Makhleb
Nemelex Xobeh
Okawaru
Qazlal
Ru
Sif Muna
Trog
Uskayaw
Vehumet
Wu Jian
Xom
Yredelemnul
Zin
The Shining One
Jiyva

Shops:
D:5 [   D:7 ?   D:11 *

Annotations:
D:3 1 runed translucent door, Crazy Yiuf
D:6 exclusion: statue
D:9 Erolcha, Maggie
Lair:2 1 runed translucent door, fragbeetle's ghost, journeyman HOMo


Message History

Flames lash the death yak but do no damage.
The death yak gores you!
Flames lash the death yak.
The death yak is lightly wounded.
The death yak's fire resistance burns away.
The death yak gores you!
Flames lash the death yak.
The death yak is burned terribly!
The death yak is lightly wounded.
The death yak gores you!
You hit the death yak but do no damage.
The death yak is lightly wounded.
The death yak gores you!
You hit the death yak but do no damage.
The death yak is lightly wounded.
The death yak gores you!!
You barely miss the death yak.
The death yak is lightly wounded.
Flames lash the death yak.
The death yak is burned terribly!
The death yak is moderately wounded.
The death yak gores you!
You are too injured to fight recklessly!
Unknown command.
Casting: Scorch (safe; 1% risk of failure)
Confirm with . or Enter, or press ? or * to list all spells.
Flames lash the death yak.
The death yak is burned terribly!
The death yak is heavily wounded.
The death yak gores you!
Unknown command.
Casting: Scorch (safe; 1% risk of failure)
Confirm with . or Enter, or press ? or * to list all spells.
Flames lash the death yak but do no damage.
The death yak gores you!!
* * * LOW HITPOINT WARNING * * *
Unknown command.
Casting: Scorch (safe; 1% risk of failure)
Confirm with . or Enter, or press ? or * to list all spells.
Flames lash the death yak.
The death yak is burned terribly!
The death yak is heavily wounded.
The death yak gores you!!
You die...

#.# ###### ###.#####*##
#.#####.##.####.##.##.##P#
(........................#
.........................#
...................?....(#
.........####............#
#........# #............#
....P....####............##
..........#.##..@.........#
....#....≈.###..Y.........#
..........#≈##.........#..##
.......#..≈#≈≈...÷.....#..P#
#.....≈#...≈#....#.....#..##
......≈#.....≈...#........#
......≈#.................##
......≈#####..............#
......≈≈≈≈≈..#.........#.##


You could see a death yak (combustible).

Vanquished Creatures
  Gastronok (Lair:1)
  5 hydras
  Erica (Lair:1)
  A two-headed ogre (D:10)
  A cyclops (D:8)
  A black mamba (Lair:1)
  Joseph (D:9)
  4 cane toads
  A gargoyle (D:11)
  An unseen horror (D:11)
  A tengu conjurer (D:9)
  2 freezing wraiths
  3 rime drakes
  4 komodo dragons
  A hornet (D:9)
  2 polar bears
  3 trolls
  10 blink frogs
  A slime creature (D:10)
  A dire elephant simulacrum (IceCv)
  3 wyverns (D:10)
  Eustachio (D:4)
  43 yaks
  Edmund (D:6)
  9 water moccasins
  An orc warrior (D:7)
  A sky beast (D:6)
  An ice beast (D:6)
  A black bear (Lair:1)
  3 necrophages
  5 centaurs
  3 ogres
  10 wolves
  A phantom (D:6)
  2 kobold brigands
  An elf zombie (Ossuary)
  5 bullfrogs
  Blork the orc (D:4)
  3 gnoll sergeants
  A scorpion (D:2)
  20 killer bees
  9 wights (D:8)
  2 howler monkeys
  An electric eel (Lair:2)
  4 jellies
  2 hounds
  A gnoll shaman (D:9)
  3 human zombies (Ossuary)
  5 orc priests
  A centaur skeleton (D:5)
  3 centaur zombies
  2 iguanas
  7 orc wizards
  Ijyb (D:4)
  2 polar bear simulacra (IceCv)
  2 wolf simulacra (IceCv)
  4 mummies (Ossuary)
  19 gnolls
  7 adders
  A howler monkey skeleton (D:6)
  A shadow imp (D:6)
  2 white imps
  An ufetubus (D:5)
  An adder skeleton (D:4)
  An adder zombie (Ossuary)
  3 worms
  22 orcs
  8 bats
  5 endoplasms
  2 giant cockroaches
  2 goblins
  6 hobgoblins
  4 jackals
  21 kobolds
  A quokka (D:1)
  9 ball pythons
  6 frilled lizards
  A goblin zombie (Ossuary)
  A hobgoblin zombie (Ossuary)
  3 jackal zombies (Ossuary)
  A kobold zombie (Ossuary)
  An orc zombie (Ossuary)
  5 rats
  A rat zombie (D:8)
345 creatures vanquished.

Vanquished Creatures (others)
  75 foxfires
  19 fungi
  20 plants
  2 withered plants (Lair:2)
116 creatures vanquished.

Grand Total: 461 creatures vanquished

Notes
Turn   | Place    | Note
-------+----------+-------------------------------------------
     0 | D:1      | fragbeetle the Hill Orc Cinder Acolyte began the quest for
                  | the Orb.
     0 | D:1      | Reached XP level 1. HP: 19/19 MP: 2/2
   133 | D:1      | Reached XP level 2. HP: 25/27 MP: 3/3
   152 | D:1      | Learned a level 2 spell: Scorch
   668 | D:1      | Found a faded altar of an unknown god.
   745 | D:2      | Reached XP level 3. HP: 33/33 MP: 4/4
  1461 | D:2      | Reached skill level 4 in Fire Magic
  1500 | D:2      | Reached XP level 4. HP: 34/40 MP: 6/6
  1923 | D:3      | Identified the ring "Leawisch" {MP+9 Int+3}
  2047 | D:3      | Reached skill level 5 in Axes
  2533 | D:3      | Found a runed translucent door.
  2534 | D:3      | Noticed Crazy Yiuf
  2615 | D:3      | Noticed a scorpion
  2628 | D:2      | Killed a scorpion
  2629 | D:2      | Reached XP level 5. HP: 39/47 MP: 7/7
  3264 | D:4      | Noticed Blork the orc
  3266 | D:4      | Noticed Ijyb
  3269 | D:4      | Killed Blork the orc
  3270 | D:4      | Reached XP level 6. HP: 53/53 MP: 9/9
  3421 | D:4      | Killed Ijyb
  3422 | D:4      | Reached skill level 5 in Fire Magic
  3568 | D:4      | Got the Grimoire of Mutagenic Calling
  3859 | D:4      | Noticed Eustachio
  3866 | D:4      | Killed Eustachio
  3867 | D:4      | Reached skill level 5 in Fighting
  3867 | D:4      | Reached skill level 1 in Armour
  3867 | D:4      | Reached XP level 7. HP: 61/61 MP: 7/10
  4480 | D:5      | Entered Level 5 of the Dungeon
  4727 | D:4      | Reached skill level 6 in Fire Magic
  4916 | D:5      | Reached XP level 8. HP: 69/69 MP: 11/11
  5107 | D:5      | Found Dael's Armour Emporium.
  6442 | D:6      | Found a radiant altar of Vehumet.
  6442 | D:6      | Noticed Edmund
  6456 | D:6      | Killed Edmund
  6457 | D:6      | Reached skill level 7 in Fire Magic
  6727 | D:6      | Reached XP level 9. HP: 75/75 MP: 13/13
  6931 | D:6      | Found a staircase to the Ecumenical Temple.
  6943 | Temple   | Entered the Ecumenical Temple
  7250 | D:6      | Learned a level 5 spell: Irradiate
  7297 | D:6      | Reached skill level 5 in Armour
  7749 | D:7      | Reached skill level 1 in Transmutations
  8645 | D:7      | Found Houwk's Magic Scroll Shop.
  8653 | D:7      | Bought a scroll of identify for 30 gold pieces
  8653 | D:7      | Bought a scroll of magic mapping for 52 gold pieces
  8653 | D:7      | Bought a scroll of fear for 52 gold pieces
  8653 | D:7      | Bought a scroll of teleportation for 45 gold pieces
  8872 | D:8      | Found a burning altar of Makhleb.
  8873 | D:8      | Found a broken altar of Ashenzari.
  8887 | D:8      | Found a sand-covered staircase.
  9025 | Ossuary  | Entered an ossuary
  9380 | Ossuary  | Reached skill level 8 in Fire Magic
  9870 | D:7      | Reached XP level 10. HP: 43/84 MP: 10/15
 10043 | D:8      | Reached skill level 10 in Axes
 11120 | D:9      | Noticed Joseph
 11134 | D:9      | HP: 1/85 [Joseph/sling bullet (6)]
 11728 | D:8      | Noticed a cyclops
 11740 | D:8      | Killed a cyclops
 11741 | D:8      | Reached skill level 1 in Polearms
 11831 | D:9      | Noticed Erolcha
 11906 | D:9      | Noticed Maggie
 11969 | D:8      | Reached skill level 1 in Conjurations
 12125 | D:8      | Reached skill level 9 in Fire Magic
 12470 | D:9      | Killed Joseph
 13207 | D:9      | Found a white marble altar of Elyvilon.
 13280 | D:9      | Noticed a two-headed ogre
 13281 | D:9      | Reached XP level 11. HP: 85/93 MP: 17/17
 13781 | D:10     | Entered Level 10 of the Dungeon
 14175 | D:10     | Found a viscous altar of Jiyva.
 14570 | D:10     | Noticed a two-headed ogre
 14578 | D:10     | Killed a two-headed ogre
 14579 | D:10     | Reached skill level 10 in Fire Magic
 14876 | D:10     | Found a staircase to the Orcish Mines.
 15082 | D:10     | Found a staircase to the Lair.
 15288 | D:11     | Found Maudyur's Elemental Accessories.
 15307 | D:11     | Reached skill level 5 in Polearms
 15702 | D:11     | Noticed a boulder beetle
 16247 | Lair:1   | Entered Level 1 of the Lair of Beasts
 16281 | Lair:1   | Found an iron altar of Okawaru.
 16588 | Lair:1   | Noticed a four-headed hydra
 16598 | Lair:1   | Killed a one-headed hydra
 16792 | Lair:1   | Reached skill level 5 in Conjurations
 16806 | Lair:1   | Reached XP level 12. HP: 99/103 MP: 19/19
 16914 | Lair:1   | Noticed Erica
 16917 | Lair:1   | Reached skill level 5 in Spellcasting
 16918 | Lair:1   | Noticed an eight-headed hydra
 17035 | Lair:1   | Noticed a seven-headed hydra
 17037 | Lair:1   | Noticed Gastronok
 17426 | Lair:1   | Killed a five-headed hydra
 17677 | Lair:1   | Killed a four-headed hydra
 17678 | Lair:1   | Reached skill level 11 in Fire Magic
 17892 | Lair:1   | Killed Erica
 17964 | Lair:1   | Identified the +6 dagger "Kurghiofu" {freeze, rC- Will+
                  | Int+6}
 18553 | Lair:1   | Killed Gastronok
 18554 | Lair:1   | Reached skill level 10 in Armour
 19476 | Lair:2   | Found a runed translucent door.
 19476 | Lair:2   | Noticed fragbeetle's ghost (journeyman HOMo)
 20138 | Lair:2   | Reached XP level 13. HP: 38/111 MP: 21/21
 21005 | Lair:3   | Found a frozen archway.
 21012 | Lair:3   | Reached skill level 12 in Fire Magic
 21020 | IceCv    | Entered an ice cave
 21030 | IceCv    | Found a transporter.
 21340 | IceCv    | Found a transporter.
 22312 | Lair:3   | Slain by a death yak

Illustrated notes

Levels and vault maps discovered:
D:1:      lightli_molten_gateway, layout_rooms,
          hellmonk_ecumenical_altar_inner_sanctum, minmay_pentomino_r4
D:2:      cheibrodos_helix_gallery, layout_loops_ring
D:3:      layout_basic, st_stairs_13, item_on_display_a, uniq_crazy_yiuf_cottage
D:4:      layout_loops_ring, minivault_25, chequers_serial_rivers_room_b,
          uniq_ijyb, uniq_eustachio, uniq_blork_the_orc
D:5:      layout_loops_ring, serial_shops, shop
D:6:      layout_basic, vehumet_statue, temple_green, uniq_edmund
D:7:      layout_loops_ring, serial_shops, nicolae_shop_advertising_works
          [nicolae_subvault_shop_adworks], minmay_misc_feat_iff
D:8:      layout_loops_ring, chequers_temple_overflow_statue_of_worship,
          enter_ossuary_3, hangedman_decor_points
D:9:      hangedman_cross_veins, layout_cave_pools,
          mainiacjoe_overflow_cross_hatched, uniq_maggie, uniq_joseph,
          uniq_erolcha
D:10:     layout_loops_cross, lair_entry_dummy, orc_0_dummy, jiyva_altar_1
D:11:     layout_gridville, minivault_22, nicolae_elemental_shop,
          kennysheep_pointless_box
Temple:   dpeg_five_rooms_temple
Lair:1:   layout_loops_ring, basic_altar, grunt_megastairs_4, uniq_gastronok,
          uniq_erica
Lair:2:   layout_cave_shapes, serial_bayou, serial_bayou_pond_a,
          serial_bayou_ford_a, serial_bayou_pond_d, serial_bayou_pond_d,
          gammafunk_ghost_grave, infiniplex_staircase_pool, grunt_megastairs_1
Lair:3:   layout_chaotic_city, portal_ice_cave_rime

Skill      XL: |  1  2  3  4  5  6  7  8  9 10 11 12 13 |
---------------+----------------------------------------+-----
Fighting       | 4 5 6 7 8 9 |  9.9
Fire Magic     | 4 5 6 7 8 9 10 11 12 | 12.2
Axes           | 5 6 7 8 9 10 11 | 11.7
Spellcasting   | 2 3 4 5 |  5.8
Armour         | 1 2 4 6 7 9 10 11 | 11.0
Transmutations | 2 3 |  3.0
Polearms       | 3 5 |  5.1
Conjurations   | 2 5 7 |  7.7

Action                   |  1- 3 |  4- 6 |  7- 9 | 10-12 | 13-15 || total
-------------------------+-------+-------+-------+-------+-------++-------
Melee: Hand axe          |   124 |    89 |    82 |   250 |    56 ||   601
       Punch             |     2 |       |     4 |     3 |       ||     9
       Spear             |       |       |    55 |    42 |       ||    97
       Flail             |       |       |    40 |       |       ||    40
       Trident           |       |       |       |    37 |       ||    37
 Cast: Scorch            |     3 |    32 |   171 |   342 |    67 ||   615
Invok: Foxfire Swarm     |       |       |       |     1 |     3 ||     4
       Fiery Armour      |       |       |       |       |     1 ||     1
Evoke: Wand              |       |       |       |     6 |       ||     6
  Use: Scroll            |       |       |       |    17 |     3 ||    20
       Potion            |       |       |       |       |     2 ||     2
Armor: Robe              |    38 |    13 |       |       |       ||    51
       Leather armour    |       |     4 |    41 |       |       ||    45
       Ring mail         |       |       |    72 |   264 |    68 ||   404
Dodge: Dodged            |    91 |    54 |   171 |   239 |    65 ||   620

Table legend: (Time is in decaauts)
 A = Elapsed time spent in this place.
 B = Non-inter-level travel time spent in this place.
 C = Inter-level travel time spent in this place.
 D = Time resting spent in this place.
 E = Time spent auto-exploring this place.
 F = Levels seen in this place.
 G = Mean time per level.
                   A        B        C        D        E       F      G
               +--------+--------+--------+--------+--------+-----+--------+
         Total |  22261 |  21690 |    571 |   4897 |  13291 |  17 | 1309.5 |
       Dungeon |  15635 |  15152 |    483 |   3701 |   9206 |  11 | 1421.4 |
        Temple |    294 |    245 |     49 |      0 |    235 |   1 |  294.0 |
          Lair |   5410 |   5371 |     39 |    912 |   3371 |   3 | 1803.3 |
       Ossuary |    588 |    588 |      0 |      0 |    478 |   1 |  588.0 |
      Ice Cave |    332 |    332 |      0 |    284 |      0 |   1 |  332.0 |
               +--------+--------+--------+--------+--------+-----+--------+

Top non-repeatable levels by time:
     D:8: 3675 daAuts
  Lair:1: 2926 daAuts
    D:10: 2262 daAuts
  Lair:2: 1727 daAuts
     D:6: 1504 daAuts
     D:3: 1425 daAuts
     D:5: 1371 daAuts
     D:4: 1245 daAuts
     D:2: 1235 daAuts
     D:7: 1230 daAuts
  Lair:3: 756 daAuts
     D:1: 745 daAuts
 Ossuary: 588 daAuts
     D:9: 489 daAuts
    D:11: 449 daAuts
